 Dungeon Crawl Stone Soup version 0.24.1-4-ge52af88ad5 (webtiles) character file.

Game seed: 3646775364529656122, levelgen mode: deterministic

86 Descartes the Magician (level 4, -3/24 HPs)
             Began as a Deep Elf Air Elementalist on Apr 16, 2020.
             Slain by Crazy Yiuf
             ... wielding a +2 quarterstaff of chaos
              (16 damage)
             ... on level 2 of the Dungeon.
             The game lasted 00:04:48 (1603 turns).

Descartes the Magician (Deep Elf Air Elementalist)  Turns: 1603, Time: 00:04:50

Health: -3/24      AC:  3    Str:  5    XL:     4   Next: 27%
Magic:  9/11       EV: 13    Int: 21    God:
Gold:   59         SH:  0    Dex: 15    Spells: 9/10 levels left

rFire    . . .     SeeInvis .   f - +0 dagger
rCold    . . .     Gourm    .   (no shield)
rNeg     . . .     Faith    .   a - +0 robe
rPois    .         Spirit   .   b - +0 helmet
rElec    .         Reflect  .   (no cloak)
rCorr    .         Harm     .   (no gloves)
MR       .....                  (no boots)
Stlth    ++........             (no amulet)
HPRegen  0.08/turn              (no ring)
MPRegen  0.12/turn              (no ring)

@: no status effects
A: no striking features
a: no special abilities


You were on level 2 of the Dungeon.
You were not hungry.

You visited 1 branch of the dungeon, and saw 2 of its levels.

You collected 59 gold pieces.

Inventory:

Hand Weapons
 d - a +0 hunting sling
 f - a +0 dagger (weapon)
Missiles
 g - 21 arrows
 m - 16 poisoned darts (quivered)
 q - 4 stones
Armour
 a - a +0 robe (worn)
 b - a +0 helmet (worn)
Scrolls
 e - a scroll of magic mapping {unknown}
 h - a scroll of enchant armour {unknown}
 i - 2 scrolls of identify {unknown}
 k - a scroll of remove curse {unknown}
 o - a scroll of teleportation {unknown}
Potions
 j - 2 potions of agility {unknown}
 n - a potion of curing {unknown}
 p - a potion of brilliance {unknown}
Comestibles
 c - 4 rations
 l - a chunk of flesh


   Skills:
 + Level 3.2 Dodging
 + Level 3.4 Stealth
 + Level 3.8 Spellcasting
 + Level 2.2 Conjurations
 + Level 3.5 Air Magic


You had 9 spell levels left.
You knew the following spells:

 Your Spells              Type           Power        Failure   Level  Hunger
a - Shock                 Conj/Air       ###.         3%          1    None

Your spell library contained the following spells:

 Spells                   Type           Power        Failure   Level  Hunger
 Swiftness                Chrm/Air       ##......     9%          2    #......
 Static Discharge         Conj/Air       ###.....     12%         3    ###....
 Airstrike                Air            ###.......   28%         4    ####...
 Lightning Bolt           Conj/Air       ###.......   71%         5    ######.


Dungeon Overview and Level Annotations

Branches:
Dungeon (2/15)

Altars:

Annotations:
D:2 Crazy Yiuf


Message History

Aiming: Shock (safe; 3% risk of failure)
Press: ? - help, Shift-Dir - straight line The zap hits Crazy Yiuf.
Crazy Yiuf is lightly wounded.
The zap misses Crazy Yiuf.
Crazy Yiuf says, "Hack seventy eyeball!"
Crazy Yiuf hits you with a +2 quarterstaff of chaos.
Crazy Yiuf burns you.
Casting: Shock (safe; 3% risk of failure)
Confirm with . or Enter, or press ? or * to list all spells.
Aiming: Shock (safe; 3% risk of failure)
Press: ? - help, Shift-Dir - straight line The zap hits Crazy Yiuf but does no damage.
Crazy Yiuf is lightly wounded.
The zap hits Crazy Yiuf.
Crazy Yiuf is lightly wounded.
Crazy Yiuf hits you with a +2 quarterstaff of chaos.
You are electrocuted!
Ouch! That really hurt!
You die...

##♣♣♣♣♣
###...♣.♣♣♣#####
##......♣..♣#...#
#####......♣♣♣♣.@g..#
)......#..♣♣ ♣♣#..)#
.......##♣♣ #####
######.# #.# #.# #..
### #.. ..# #...


You could see Crazy Yiuf.

Vanquished Creatures
  2 adders (D:2)
  3 oozes (D:1)
  3 worms (D:2)
  4 dart slugs (D:1)
  2 leopard geckos
  2 giant cockroaches
  4 goblins
  3 hobgoblins
  2 kobolds
  5 bats
  2 frilled lizards
  7 rats
39 creatures vanquished.

Notes
Turn   | Place    | Note
-------+----------+-------------------------------------------
     0 | D:1      | Descartes the Deep Elf Air Elementalist began the quest for
                  | the Orb.
     0 | D:1      | Reached XP level 1. HP: 10/10 MP: 6/6
   137 | D:1      | Reached XP level 2. HP: 15/15 MP: 0/8
   524 | D:1      | Reached XP level 3. HP: 19/19 MP: 6/9
  1283 | D:2      | Reached XP level 4. HP: 24/24 MP: 8/11
  1594 | D:2      | Found a runed translucent door.
  1595 | D:2      | Noticed Crazy Yiuf
  1603 | D:2      | Slain by Crazy Yiuf

Levels and vault maps discovered:
D:1:      nzn_arrival_settlement, layout_rooms, chequers_serial_rivers_micro_b,
          minmay_bisected
D:2:      minmay_angry_zag, layout_basic, dancing_weapons_uskayaw,
          old_standard_altar, first_ration, minmay_cut_off, uniq_robin,
          uniq_sigmund, uniq_natasha, uniq_crazy_yiuf_cottage

Skill      XL: |  1  2  3 |
---------------+----------+-----
Stealth        | 3 |  3.4
Dodging        | 3 |  3.2
Conjurations   | 2 |  2.2
Spellcasting   | |  3.8
Air Magic      | |  3.5

Action                   |  1- 3 |  4- 6 || total
-------------------------+-------+-------++-------
Melee: Dagger            |     3 |       ||     3
 Cast: Shock             |    78 |    21 ||    99
  Eat: Chunk             |     1 |     1 ||     2
Armor: Robe              |     1 |       ||     1
Dodge: Dodged            |    16 |       ||    16
